 Dungeon Crawl Stone Soup version 0.27.1 (webtiles) character file.

Game seed: 9546509370465629725

51 MajorAdolf the Skirmisher (level 3, -4/36 HPs)
             Began as a Naga Wanderer on Sept 4, 2021.
             Slain by a gnoll (12 damage)
             ... on level 2 of the Dungeon.
             The game lasted 00:04:16 (2069 turns).

MajorAdolf the Skirmisher (Naga Wanderer)           Turns: 2069, Time: 00:04:16

Health: -4/36      AC:  2    Str: 15    XL:     3   Next: 81%
Magic:  3/3        EV:  9    Int: 14    God:
Gold:   53         SH:  0    Dex:  8    Spells: 2/2 levels left

rFire    . . .     SeeInvis +   a - +0 shortbow
rCold    . . .     Faith    .   (shield currently unavailable)
rNeg     . . .     Spirit   .   d - +0 leather armour
rPois    +         Reflect  .   (no helmet)
rElec    .         Harm     .   (no cloak)
rCorr    .         Rampage  .   (no gloves)
Will     .....                  (no barding)
Stlth    +.........             (no amulet)
HPRegen  0.12/turn              l - ring of flight
MPRegen  0.08/turn              (no ring)

@: flying, very slow
A: AC +1, large, see invisible, deformed body, poison resistance, slowness 2,
spit poison 1, naga tail 1
a: Spit Poison


You were on level 2 of the Dungeon.
You visited 1 branch of the dungeon, and saw 2 of its levels.

You collected 53 gold pieces.

Inventory:

Hand Weapons
 a - a +0 shortbow (weapon)
 f - a +0 arbalest
 g - a +0 hunting sling
Missiles
 b - 3 throwing nets
 e - 14 arrows (quivered ammo)
 i - 31 stones
 k - 12 sling bullets
 n - 7 boomerangs
Armour
 d - a +0 leather armour (worn)
Jewellery
 l - a ring of flight (left hand)
Scrolls
 c - a scroll of teleportation
 j - a scroll of identify {unknown}
Potions
 h - a potion of cancellation {unknown}
 m - a potion of curing {unknown}


   Skills:
 - Level 4.0 Fighting
 + Level 1.0(1.4) Slings
 + Level 1.9 Bows
 + Level 1.0 Crossbows
 + Level 1.4(1.7) Throwing
 - Level 1.5 Dodging
 - Level 1.5 Stealth
 - Level 1.5 Shields


You had 2 spell levels left.
You didn't know any spells.
Your spell library contained the following spells:

 Spells                   Type           Power      Damage    Failure   Level
 Cause Fear               Hex            0%         N/A       98%         4
 Dragon Form              Tmut           0%         N/A       100%        7
 Dragon's Call            Summ           0%         N/A       100%        9


Dungeon Overview and Level Annotations

Branches:
Dungeon (2/15)

Altars:

Annotations:
D:1 exclusion: downstairs


Innate Abilities, Weirdness & Mutations

Your serpentine skin is tough. (AC +1)
You have supernaturally acute eyesight. (SInv)
Armour fits poorly on your strangely shaped body.
Your system is resistant to poisons. (rPois)
You cover ground very slowly.
You can spit poison.
You have a snake-like lower body.


Message History

You shoot an arrow. The arrow barely misses the gnoll.
The arrow hits the gnoll.
The gnoll is heavily wounded.
The gnoll hits you with a +0 whip. The gnoll closely misses you.
Unknown command.
Fire: 18 arrows
Press: ? - help, Q - select action, (/) - cycle Shift-Dir - straight line, f/p - gnoll
Aim: a gnoll, wielding a +0 whip and wearing a +6 ring of intelligence (moderately wounded, 60% to hit)
You shoot an arrow. The arrow barely misses the gnoll. x2
The arrow hits the gnoll but does no damage.
The gnoll hits you with a +0 whip. The gnoll closely misses you.
Unknown command.
Fire: 17 arrows
Press: ? - help, Q - select action, (/) - cycle Shift-Dir - straight line, f/p - gnoll
Aim: a gnoll, wielding a +0 whip and wearing a +6 ring of intelligence (moderately wounded, 60% to hit)
You shoot an arrow. The arrow barely misses the gnoll. x2
The arrow hits the gnoll.
The gnoll is lightly wounded.
The gnoll hits you with a +0 whip.
The gnoll hits you from afar with a +0 halberd.
Unknown command.
Fire: 16 arrows
Press: ? - help, Q - select action, (/) - cycle Shift-Dir - straight line, f/p - gnoll
Aim: a gnoll, wielding a +0 whip and wearing a +6 ring of intelligence (moderately wounded, 60% to hit)
You shoot an arrow. The arrow closely misses the gnoll.
The arrow hits the gnoll.
The gnoll is severely wounded.
The gnoll hits you with a +0 whip! The gnoll completely misses you.
The gnoll hits you with a +0 whip.
* * * LOW HITPOINT WARNING * * *
Unknown command.
Fire: 15 arrows
Press: ? - help, Q - select action, (/) - cycle Shift-Dir - straight line, f/p - gnoll
Aim: a gnoll, wielding a +0 whip and wearing a +6 ring of intelligence (moderately wounded, 60% to hit)
You shoot an arrow. The arrow closely misses the gnoll.
The arrow barely misses the gnoll.
The arrow hits the gnoll but does no damage.
The gnoll is lightly wounded.
The gnoll hits you from afar with a +0 halberd!
You die...

..... .# #.# #####
###.# #.# #.# #.#
#.# #.# #.# #.# #.#
#.# # #.# #.#
...##.#g#########.#
....(..ggg@†......#
...########.......##
#..##.#..#
#..#.###.#
###.#.#.## #.###.#÷#
#..#.##.# ##......#
########..).##


You could see 4 gnolls.

Vanquished Creatures
  2 adders (D:2)
  2 worms (D:2)
  A dart slug (D:1)
  4 endoplasms
  3 goblins (D:1)
  2 hobgoblins (D:1)
  2 jackals (D:2)
  A quokka (D:1)
  3 bats (D:2)
  A frilled lizard (D:1)
  3 rats (D:1)
24 creatures vanquished.

Notes
Turn   | Place    | Note
-------+----------+-------------------------------------------
     0 | D:1      | MajorAdolf the Naga Wanderer began the quest for the Orb.
     0 | D:1      | MajorAdolf set off with the following items: a +0 shortbow,
                  | 3 throwing nets, a scroll of teleportation, a +0 leather
                  | armour, 24 arrows
     0 | D:1      | Reached XP level 1. HP: 22/22 MP: 1/1
   464 | D:1      | Reached XP level 2. HP: 30/30 MP: 2/2
   584 | D:1      | Reached skill level 1 in Throwing
  1366 | D:2      | Reached XP level 3. HP: 20/36 MP: 3/3
  1796 | D:2      | Reached skill level 1 in Slings
  2039 | D:2      | Reached skill level 1 in Crossbows
  2069 | D:2      | Slain by a gnoll

Illustrated notes

Levels and vault maps discovered:
D:1:      scummos_arrival_simple_crosswalls, layout_basic
D:2:      layout_loops_ring, minmay_tripent

Skill      XL: |  1  2  3 |
---------------+----------+-----
Throwing       | 1 |  1.4
Slings         | 1 |  1.0
Crossbows      | 1 |  1.0
Fighting       | |  4.0
Bows           | |  1.9
Dodging        | |  1.5
Stealth        | |  1.5
Shields        | |  1.5

Action                   || total
-------------------------++-------
 Fire: Hunting sling     ||    44
       Shortbow          ||    25
 Abil: Spit Poison       ||    23
Armor: Leather armour    ||    10
Dodge: Dodged            ||    28
